Map: Wytwórnia Kwasu ER

Players

TVVphenX - Winner!

  • Race: Protoss Protoss
  • League: Master
  • Spawn Location: 5:00

Dekernet

  • Race: Zerg Zerg
  • League: Master
  • Spawn Location: 11:00

VOD

Have the link to the VOD?

Description

Time

  • Played on: May 29, 2018, 5:45 p.m.
  • Length: 14:40
Show
View Real Time Build Order
Export as new Build Order

TVVphenX Protoss - Winner!

Build Orders:  

Get SALT Encoding   

  12  0:01  Probe  
  13  0:14  Probe  
  14  0:18  Pylon  
  14  0:26  Probe  
  15  0:38  Probe  
  16  0:47  Gateway  
  16  0:50  Probe  
  16  0:56  Gateway  
  17  0:59  Probe  
  18  1:05  Assimilator  
  18  1:15  Pylon, Probe  
  19  1:25  Zealot  
  19  1:27  Probe  
  19  1:36  Cybernetics Core  
  21  1:41  Pylon  
  21  1:43  Probe  
  22  1:53  Zealot  
  22  1:59  Zealot, Assimilator  
  26  2:05  Probe  
  27  2:25  Adept  
  29  2:30  Adept  
  29  2:32  Shield Battery  
  31  2:51  Pylon  
  31  2:52  Pylon  
  31  3:09  Probe  
  32  3:13  Zealot  
  30  3:22  Zealot  
  28  4:08  Cybernetics Core  
  28  4:24  Probe  
  29  4:36  Sentry, Nexus  
  29  4:45  Sentry  
  33  4:46  Warp Gate  
  33  4:51  Probe  
  34  5:01  Stalker  
  34  5:03  Probe  
  37  5:14  Probe  
  37  5:15  Twilight Council  
  38  5:22  Probe  
  39  5:31  Probe  
  40  5:39  Probe  
  40  5:48  Probe  
  39  5:50  Probe  
  39  5:51  Charge  
  39  5:56  Probe  
  41  5:59  Robotics Facility  
  41  6:02  Probe  
  43  6:05  Gateway  
  43  6:07  Probe  
  44  6:14  Probe  
  44  6:15  Probe  
  45  6:23  Probe  
  46  6:26  Probe  
  46  6:31  Assimilator  
  48  6:34  Assimilator  
  48  6:37  Gateway  
  48  6:38  Probe x2  
  50  6:45  Pylon  
  50  6:46  Warp Prism  
  52  6:47  Pylon  
  52  6:50  Probe  
  52  6:51  Probe  
  54  7:03  Probe  
  54  7:04  Gateway  
  54  7:06  Gateway  
  55  7:09  Gateway  
  55  7:13  Gateway  
  55  7:19  Gateway  
  55  7:29  Probe  
  56  7:32  Pylon  
  56  7:33  Pylon  
  56  7:34  Pylon  
  56  7:39  Templar Archives  
  56  7:55  Pylon  
  56  8:21  Immortal  
  56  8:26  High Templar x8  
  76  8:31  Archon x3  
  76  8:32  Archon  
  76  8:41  Zealot  
  78  8:46  Probe  
  77  8:59  High Templar x2  
  77  9:00  Zealot x5  
  77  9:01  Zealot, Nexus  
  77  9:02  Psionic Storm, Pylon  
  93  9:03  Archon  
  93  9:10  Probe  
  93  9:11  Probe  
  89  9:19  Archon  
  89  9:20  Archon x2  
  89  9:21  Zealot x6  
  89  9:23  Zealot, Probe  
  92  9:48  Zealot x2, High Templar x2  
  92  9:49  Zealot x4  
  104  9:54  Archon  
  102  10:06  Zealot  
  84  10:14  Probe  
  84  10:17  Zealot x6  
  95  10:36  Zealot x3  
  95  10:37  Zealot  
  95  10:38  High Templar x4  
  111  10:46  Archon  
  111  10:47  Archon  
  105  10:58  Probe  
  105  10:59  Probe x2  
  108  11:04  Assimilator  
  108  11:09  Assimilator  
  108  11:10  Probe  
  108  11:11  Probe  
  110  11:26  Zealot x5  
  110  11:27  Zealot  
  122  11:35  Probe x2  
  122  11:36  Probe  
  107  11:43  Probe  
  104  11:49  Zealot x5  
  104  11:50  Zealot x4  
  114  12:01  Probe  
  114  12:02  Probe  
  114  12:05  Probe  
  117  12:10  High Templar x4  
  117  12:11  High Templar x4  
  128  13:01  Zealot x4  
  128  13:05  Archon x3  
  131  13:12  Probe  
  131  13:20  Probe  
  131  13:21  Probe  
  131  13:25  Nexus, Pylon x2  
  131  13:26  Pylon  
  133  13:27  Assimilator  
  133  13:28  Pylon  
  133  13:30  Pylon  
  133  13:31  Assimilator, Pylon  
  133  13:32  Pylon  
  133  13:36  Pylon  
  133  13:46  Zealot x9  
  150  14:07  Probe  
  148  14:10  Probe  
  148  14:11  Probe  
  148  14:15  Probe  
  139  14:23  Probe x2  
  139  14:24  Stargate  
  138  14:25  Stargate  
  138  14:27  Stargate  
  138  14:28  Stargate  
  138  14:29  Stargate  
  138  14:30  Stargate  
  139  14:37  Pylon  
Show
View Real Time Build Order
Export as new Build Order

Dekernet Zerg 

Build Orders: Pool First 

Get SALT Encoding   

  12  0:18  Spawning Pool  
  11  0:22  Drone  
  11  0:27  Drone  
  13  0:32  Drone  
  14  0:42  Overlord  
  14  1:07  Zergling x6  
  17  1:18  Zergling x2  
  18  1:30  Zergling x2  
  18  1:31  Hatchery  
  18  1:41  Zergling x2  
  19  1:51  Zergling x2  
  20  1:54  Queen  
  20  2:00  Extractor  
  21  2:01  Zergling x2  
  23  2:22  Overlord  
  22  2:29  Zergling x2  
  22  2:41  Zergling x2  
  23  2:44  Queen  
  23  2:45  Zergling x2  
  26  2:54  Zergling x4  
  26  2:57  Zergling x2  
  27  3:05  Zergling x2  
  27  3:06  Zergling x4  
  27  3:11  Zergling x4  
  29  3:20  Zergling x2  
  29  3:23  Zergling x2  
  29  3:26  Zergling x2  
  28  3:31  Zergling x2  
  28  3:37  Zergling x2  
  26  3:51  Drone  
  25  3:58  Drone  
  25  4:00  Hatchery  
  24  4:04  Drone  
  25  4:15  Drone  
  26  4:26  Queen  
  26  4:27  Drone  
  29  4:36  Overlord  
  29  4:46  Drone  
  30  5:03  Drone  
  31  5:10  Drone  
  31  5:12  Queen  
  34  5:18  Drone  
  35  5:24  Hatchery  
  35  5:25  Drone x2  
  36  5:35  Drone  
  36  5:36  Drone x4  
  36  5:38  Extractor x2  
  38  5:45  Spore Crawler  
  37  5:50  Drone  
  38  6:03  Spore Crawler  
  37  6:06  Drone  
  37  6:10  Drone x6  
  44  6:13  Overlord  
  44  6:20  Overlord  
  44  6:32  Overlord, Drone x2  
  46  6:35  Lair  
  46  6:38  Drone  
  47  6:40  Drone  
  47  6:46  Queen  
  50  6:48  Drone  
  50  6:51  Drone  
  52  6:57  Drone x2  
  54  7:08  Drone  
  54  7:10  Drone x2  
  54  7:11  Drone x2  
  54  7:14  Extractor  
  58  7:16  Drone x3  
  58  7:17  Drone x2  
  58  7:18  Metabolic Boost  
  58  7:22  Drone, Extractor  
  63  7:33  Drone x2  
  65  7:37  Infestation Pit  
  65  7:41  Overlord  
  65  7:42  Overlord  
  64  7:44  Drone x4  
  64  7:50  Spine Crawler  
  67  7:51  Spine Crawler  
  67  7:56  Drone x2  
  68  7:59  Extractor  
  68  8:01  Extractor  
  68  8:03  Burrow  
  66  8:09  Spine Crawler  
  66  8:10  Spine Crawler  
  64  8:15  Spine Crawler  
  84  8:37  Overlord  
  84  8:38  Overlord  
  90  8:55  Overlord x3  
  88  9:13  Queen  
  88  9:17  Zergling x22  
  101  9:29  Drone, Spine Crawler  
  101  9:30  Spine Crawler  
  100  9:31  Spine Crawler  
  99  9:40  Nydus Network  
  97  10:01  Zergling x8  
  97  10:06  Swarm Host  
  97  10:26  Drone  
  97  10:27  Drone x6  
  89  10:41  Overlord  
  82  11:35  Overlord x3  
  82  11:58  Drone x16  
  82  11:59  Spawning Pool  
  81  12:13  Hatchery  
  66  12:54  Hatchery  
  62  14:18  Spawning Pool  
  62  14:20  Overlord  
  62  14:21  Overlord  
Tags
 
Add a new tag
Caveats
  • Supply blocks, unpowered buildings, or Contaminate may cause inaccurate times.
  • Supply counts are checked every 10 seconds.